BSA
IRVINE GANG GREEN @ BOSTON REBELS
03/14/2024
 
TOP OF THE 1ST
Irvine Gang Green batting - Pitching for Boston Rebels : RHP Alfredo Ruíz
Pitching: RHP Alfredo Ruíz
Batting: LHB Bill Murphy 0-0: Fly out, F7 (Flyball, 78S)
Batting: SHB Cristo Ontiveros 0-0: Foul Ball, location: 2F
0-1: Foul Ball, location: 2F
0-2: Ball
1-2: SINGLE (Groundball, 34D)
Batting: RHB Manny Copriviza 0-0: Foul Ball, location: 2F
0-1: Ball
1-1: Foul Ball, location: 2F
1-2: Ball
2-2: Foul Ball, location: 2F
2-2: Foul Ball, location: 2F
2-2: Foul Ball, location: 2F
2-2: Foul Ball, location: 2F
2-2: Foul Ball, location: 2F
2-2: Foul Ball, location: 2F
2-2: Ball
3-2: Foul Ball, location: 2F
3-2: Fly out, F7 (Flyball, 78M)
Batting: RHB Buck Jones 0-0: Ball
1-0: Ball
2-0: Foul Ball, location: 2F
2-1: Foul Ball, location: 2F
2-2: Foul Ball, location: 2F
2-2: Foul Ball, location: 2F
2-2: Ball
3-2: Base on Balls
Cristo Ontiveros to second
Batting: RHB John Pick 0-0: Ball
1-0: SINGLE (Flyball, 8LS)
Cristo Ontiveros to third
Buck Jones to second
Runner from 3rd tries for Home, SAFE, no throw or cutoff
Batting: LHB Fernando Camacho 0-0: Ball
1-0: SINGLE (Groundball, 13) (infield hit)
Buck Jones to third
John Pick to second
Batting: LHB José Villegas 0-0: Ground out 4-3 (Groundball, 4)
Top of the 1st over - 1 run(s), 3 hit(s), 0 error(s), 3 left on base; Irvine 1 - Boston 0
BOTTOM OF THE 1ST
Boston Rebels batting - Pitching for Irvine Gang Green : RHP Takehide Ono
Pitching: RHP Takehide Ono
Batting: LHB Bill Wilson 0-0: Foul Ball, location: 2F
0-1: Bunt missed!
0-2: Foul Ball, location: 2F
0-2: Ball
1-2: Ball
2-2: Ground out 5-3 (Groundball, 56)
Batting: SHB Álex Rosado 0-0: Ball
1-0: Ball
2-0: Ball
3-0: Called Strike
3-1: Base on Balls
Batting: LHB Bill Wilson 0-0: Ball
1-0: Called Strike
1-1: Called Strike
1-2: Strikes out swinging
Batting: SHB Javier Villegas 0-0: Foul Ball, location: 2F
0-1: Ball
1-1: Ball
2-1: Swinging Strike
2-2: Fly out, F8 (Flyball, 89M)
Bottom of the 1st over - 0 run(s), 0 hit(s), 0 error(s), 1 left on base; Irvine 1 - Boston 0
TOP OF THE 2ND
Irvine Gang Green batting - Pitching for Boston Rebels : RHP Alfredo Ruíz
Batting: RHB José García 0-0: Called Strike
0-1: Foul Ball, location: 2F
0-2: SINGLE (Line Drive, 9S)
Batting: SHB Adrián Ramírez 0-0: Ball
1-0: Called Strike
1-1: Foul Ball, location: 2F
1-2: Ball
José García is caught stealing 2nd base
2-2: Fly out, F8 (Flyball, 8LD)
Batting: LHB Bill Murphy 0-0: Ground out 4-3 (Groundball, 4M)
Top of the 2nd over - 0 run(s), 1 hit(s), 0 error(s), 0 left on base; Irvine 1 - Boston 0
BOTTOM OF THE 2ND
Boston Rebels batting - Pitching for Irvine Gang Green : RHP Takehide Ono
Batting: RHB Wilson Gómez 0-0: Ball
1-0: Ball
2-0: Swinging Strike
2-1: Foul Ball, location: 2F
2-2: SINGLE (Line Drive, 8RS)
Batting: RHB Ronnie Brown 0-0: Ball
1-0: Ball
2-0: Ball
3-0: Called Strike
3-1: Base on Balls
Wilson Gómez to second
Batting: LHB Félix Gómez 0-0: Ball
1-0: Called Strike
1-1: Swinging Strike
1-2: Foul Ball, location: 2F
1-2: Fly out, F3 (Line Drive, 34)
Batting: RHB Rob Whitley 0-0: Called Strike
0-1: Foul Ball, location: 2F
0-2: Grounds into double play, 4-6-3 (Groundball, 4)
Bottom of the 2nd over - 0 run(s), 1 hit(s), 0 error(s), 1 left on base; Irvine 1 - Boston 0
TOP OF THE 3RD
Irvine Gang Green batting - Pitching for Boston Rebels : RHP Alfredo Ruíz
Batting: SHB Cristo Ontiveros 0-0: Ball
1-0: Ball
2-0: Ball
3-0: Called Strike
3-1: Base on Balls
Batting: RHB Manny Copriviza 0-0: Ball
1-0: Ball
2-0: Ball
3-0: Base on Balls
Cristo Ontiveros to second
Batting: RHB Buck Jones 0-0: Swinging Strike
0-1: SINGLE (Line Drive, 78S)
Cristo Ontiveros to third
Manny Copriviza to second
Batting: RHB John Pick 0-0: Ball
1-0: Foul Ball, location: 2F
1-1: Swinging Strike
1-2: Fly out, F8 (Flyball, 8LS)
Batting: LHB Fernando Camacho 0-0: Ball
1-0: Foul Ball, location: 2F
1-1: Called Strike
1-2: Fly out, F7 (Popup, 8LS)
Batting: LHB José Villegas 0-0: Called Strike
0-1: SINGLE (Line Drive, 4D)
Cristo Ontiveros scores
Manny Copriviza to third
Buck Jones to second
Runner from 3rd tries for Home, throw and OUT!
Top of the 3rd over - 1 run(s), 2 hit(s), 0 error(s), 2 left on base; Irvine 2 - Boston 0
BOTTOM OF THE 3RD
Boston Rebels batting - Pitching for Irvine Gang Green : RHP Takehide Ono
Batting: LHB Tony Ramírez 0-0: Ball
1-0: Ball
2-0: Ground out 4-3 (Groundball, 4M)
Batting: LHB Bill Wilson 0-0: Ball
1-0: Ball
2-0: TRIPLE (Line Drive, 8RD)
Batting: SHB Álex Rosado 0-0: Foul Ball, location: 2F
0-1: Foul Ball, location: 2F
0-2: Ground out 5-3 (Groundball, 5)
Batting: LHB Bill Wilson 0-0: Foul Ball, location: 2F
0-1: Ball
1-1: Called Strike
1-2: 2-RUN HOME RUN (Flyball, 9D), Distance : 382 ft
Batting: SHB Javier Villegas 0-0: Called Strike
0-1: Ball
1-1: Ball
2-1: Foul Ball, location: 2F
2-2: Ball
3-2: Base on Balls
Pitching: RHP Alonso Jiménez
Batting: RHB Wilson Gómez 0-0: Ball
1-0: Called Strike
1-1: Ball
2-1: Foul Ball, location: 2F
2-2: Ball
3-2: Strikes out swinging
Bottom of the 3rd over - 2 run(s), 2 hit(s), 0 error(s), 1 left on base; Irvine 2 - Boston 2
TOP OF THE 4TH
Irvine Gang Green batting - Pitching for Boston Rebels : RHP Alfredo Ruíz
Batting: RHB José García 0-0: Reached on error, E1 (Groundball, 15)
Batting: SHB Adrián Ramírez 0-0: Foul Ball, location: 2F
0-1: Ball
José García is caught stealing 2nd base
1-1: Foul Ball, location: 2F
1-2: Ball
2-2: Foul Ball, location: 2F
2-2: Ball
3-2: Ground out 4-3 (Groundball, 4M)
Batting: LHB Bill Murphy 0-0: Fly out, F6 (Line Drive, 6)
Top of the 4th over - 0 run(s), 0 hit(s), 1 error(s), 0 left on base; Irvine 2 - Boston 2
BOTTOM OF THE 4TH
Boston Rebels batting - Pitching for Irvine Gang Green : RHP Alonso Jiménez
Batting: RHB Ronnie Brown 0-0: Called Strike
0-1: Ball
1-1: SINGLE (Groundball, 4)
Batting: LHB Félix Gómez 0-0: Ball
1-0: SINGLE (Line Drive, 4MD)
Ronnie Brown to second
Batting: RHB Rob Whitley 0-0: Ball
1-0: Ball
2-0: Called Strike
2-1: Grounds into double play, 5-4-3 (Groundball, 56)
Ronnie Brown to third
Batting: LHB Tony Ramírez 0-0: Ball
1-0: 2-RUN HOME RUN (Line Drive, 9D), Distance : 391 ft
Batting: LHB Bill Wilson 0-0: Ball
1-0: SINGLE (Groundball, 4MD)
Batting: SHB Álex Rosado 0-0: Ball
1-0: Ground out 1-3 (Groundball, 13S)
Bottom of the 4th over - 2 run(s), 4 hit(s), 0 error(s), 1 left on base; Irvine 2 - Boston 4
TOP OF THE 5TH
Irvine Gang Green batting - Pitching for Boston Rebels : RHP Alfredo Ruíz
Pitching: RHP Martín Lópes
Batting: SHB Cristo Ontiveros 0-0: Ball
1-0: Ball
2-0: Called Strike
2-1: SINGLE (Line Drive, 56)
Batting: RHB Manny Copriviza 0-0: Foul Ball, location: 2F
0-1: Called Strike
0-2: Ball
1-2: Foul Ball, location: 2F
1-2: Foul Ball, location: 2F
1-2: Ball
2-2: Ball
3-2: 2-RUN HOME RUN (Flyball, 78XD), Distance : 429 ft
Batting: RHB Buck Jones 0-0: Ground out 6-3 (Groundball, 56)
Batting: RHB John Pick 0-0: Ball
1-0: Ball
2-0: Ground out 4-3 (Groundball, 34)
Batting: LHB Fernando Camacho 0-0: Ground out 1-3 (Groundball, 13S)
Top of the 5th over - 2 run(s), 2 hit(s), 0 error(s), 0 left on base; Irvine 4 - Boston 4
BOTTOM OF THE 5TH
Boston Rebels batting - Pitching for Irvine Gang Green : RHP Alonso Jiménez
Batting: LHB Bill Wilson 0-0: Foul Ball, location: 2F
0-1: Ball
1-1: Swinging Strike
1-2: Strikes out looking
Batting: SHB Javier Villegas 0-0: Ball
1-0: Ball
2-0: Ball
3-0: Base on Balls
Batting: RHB Wilson Gómez 0-0: Called Strike
0-1: Ground out 5-3 (Groundball, 56)
Javier Villegas to second
Batting: RHB Ronnie Brown 0-0: Fly out, F6 (Line Drive, 6)
Bottom of the 5th over - 0 run(s), 0 hit(s), 0 error(s), 1 left on base; Irvine 4 - Boston 4
TOP OF THE 6TH
Irvine Gang Green batting - Pitching for Boston Rebels : RHP Martín Lópes
Batting: LHB José Villegas 0-0: Called Strike
0-1: Ground out 3-1 (Groundball, 34)
Batting: RHB José García 0-0: Ball
1-0: Ball
2-0: Foul Ball, location: 2F
2-1: Ground out 5-3 (Groundball, 5S)
Batting: SHB Adrián Ramírez 0-0: Called Strike
0-1: Ball
1-1: Ball
2-1: Ball
3-1: Called Strike
3-2: Strikes out swinging
Top of the 6th over - 0 run(s), 0 hit(s), 0 error(s), 0 left on base; Irvine 4 - Boston 4
BOTTOM OF THE 6TH
Boston Rebels batting - Pitching for Irvine Gang Green : RHP Alonso Jiménez
Batting: LHB Félix Gómez 0-0: Ball
1-0: Ball
2-0: Called Strike
2-1: Ball
3-1: Foul Ball, location: 2F
3-2: Strikes out looking
Batting: RHB Rob Whitley 0-0: Ball
1-0: Called Strike
1-1: Swinging Strike
1-2: Foul Ball, location: 2F
1-2: Ball
2-2: Ball
3-2: Strikes out swinging
Batting: LHB Tony Ramírez 0-0: Swinging Strike
0-1: Fly out, F8 (Line Drive, 78D)
Bottom of the 6th over - 0 run(s), 0 hit(s), 0 error(s), 0 left on base; Irvine 4 - Boston 4
TOP OF THE 7TH
Irvine Gang Green batting - Pitching for Boston Rebels : RHP Martín Lópes
Pitching: RHP Armand Calazzo
Pinch Hitting: LHB Jesús Campos 0-0: Ball
1-0: Foul Ball, location: 2F
1-1: Ball
2-1: Ball
3-1: Called Strike
3-2: Base on Balls
Pinch Hitting: LHB Víctor Quiñones 0-0: Called Strike
Jesús Campos steals 2nd base
0-1: Called Strike
0-2: Strikes out swinging
Batting: LHB Lorenzo Quintanilla 0-0: Intentional Walk
Pinch Hitting: LHB Leonardo Medina 0-0: Called Strike
0-1: Called Strike
Lorenzo Quintanilla steals 2nd base
Jesús Campos to third
0-2: Ball
1-2: Ball
2-2: Ball
3-2: Intentional Walk
Pinch Hitting: RHB José Salazar 0-0: Fly out, F7 (Flyball, 78S)
Pinch Hitting: LHB Tony Tavárez 0-0: Called Strike
0-1: Ball
1-1: Ball
2-1: Called Strike
2-2: Strikes out swinging
Top of the 7th over - 0 run(s), 0 hit(s), 0 error(s), 3 left on base; Irvine 4 - Boston 4
BOTTOM OF THE 7TH
Boston Rebels batting - Pitching for Irvine Gang Green : RHP Alonso Jiménez
Pitching: RHP Fernand Picard
Now at 1B: Víctor Quiñones
Now at 3B: José Salazar
Now at SS: Aaron Wilson
Now in LF: Tony Tavárez
Now in CF: Jesús Campos
Batting: LHB Bill Wilson 0-0: Reached on error, E6 (Groundball, 6)
Batting: SHB Álex Rosado 0-0: Bunt missed!
0-1: Bunted foul
0-2: Fielders Choice at 2nd, 6-4 (Groundball, 6)
Batting: LHB Stanley Mullins 0-0: Ball
1-0: Foul Ball, location: 2F
1-1: Hit by Pitch
Álex Rosado to second
Pinch Hitting: LHB Lorenzo Flores 0-0: Ball
1-0: Ball
2-0: Called Strike
2-1: Called Strike
2-2: Foul Ball, location: 2F
2-2: Ball
3-2: Strikes out looking
Pinch Hitting: LHB Jeff Gordon 0-0: Called Strike
0-1: Ball
1-1: Swinging Strike
1-2: Ball
2-2: Ball
3-2: Base on Balls
Álex Rosado to third
Stanley Mullins to second
Batting: RHB Ronnie Brown 0-0: Ball
1-0: Ball
2-0: SINGLE (Line Drive, 56)
Álex Rosado scores
Stanley Mullins to third
Jeff Gordon to second
Runner from 3rd tries for Home, SAFE, no throw or cutoff
Pinch Hitting: RHB Salvador Gonzáles 0-0: Foul Ball, location: 2F
0-1: Swinging Strike
0-2: Foul Ball, location: 2F
0-2: Ball
1-2: Foul Ball, location: 2F
1-2: Ball
2-2: Ball
3-2: SINGLE (Line Drive, 6M)
Jeff Gordon to third
Ronnie Brown to second
Jeff Gordon scores
Ronnie Brown to third
Batting: RHB Rob Whitley 0-0: Ground out U3 (Groundball, 3)
Bottom of the 7th over - 3 run(s), 2 hit(s), 1 error(s), 2 left on base; Irvine 4 - Boston 7
TOP OF THE 8TH
Irvine Gang Green batting - Pitching for Boston Rebels : RHP Armand Calazzo
Now at 1B: Lorenzo Flores
Now at 2B: Felipe Olivas
Now in RF: Jeff Gordon
Batting: LHB José Villegas 0-0: Called Strike
0-1: Foul Ball, location: 2F
0-2: Ball
1-2: Strikes out swinging
Pinch Hitting: RHB Pepe González 0-0: Foul Ball, location: 2F
0-1: Swinging Strike
0-2: SINGLE (Groundball, 56D)
Batting: SHB Adrián Ramírez 0-0: Ball
1-0: Ball
2-0: Ball
3-0: Base on Balls
Pepe González to second
Batting: LHB Jesús Campos 0-0: Called Strike
0-1: Ball
1-1: Ball
2-1: Ball
3-1: Base on Balls
Pepe González to third
Adrián Ramírez to second
Batting: LHB Víctor Quiñones 0-0: Foul Ball, location: 2F
0-1: Swinging Strike
0-2: Ball
1-2: Foul Ball, location: 2F
1-2: Ball
2-2: SINGLE (Flyball, 5D)
Pepe González scores
Adrián Ramírez to third
Jesús Campos to second
Runner from 3rd tries for Home, SAFE, throw made home
Batting: LHB Lorenzo Quintanilla 0-0: Swinging Strike
0-1: Foul Ball, location: 2F
0-2: Ball
1-2: Strikes out swinging
Batting: RHB Aaron Wilson 0-0: Called Strike
0-1: Ball
1-1: Foul Ball, location: 2F
1-2: Strikes out swinging
Top of the 8th over - 2 run(s), 2 hit(s), 0 error(s), 2 left on base; Irvine 6 - Boston 7
BOTTOM OF THE 8TH
Boston Rebels batting - Pitching for Irvine Gang Green : RHP Fernand Picard
Now at 2B: Pepe González
Pinch Hitting: LHB Ju-wei Shiu 0-0: Foul Ball, location: 2F
0-1: Ground out 4-3 (Groundball, 34)
Batting: LHB Bill Wilson 0-0: Called Strike
0-1: Fly out, F8 (Flyball, 8LD)
Batting: SHB Álex Rosado 0-0: Ball
1-0: Swinging Strike
1-1: Ball
2-1: Ball
3-1: Swinging Strike
3-2: Foul Ball, location: 2F
3-2: Base on Balls
Batting: LHB Stanley Mullins 0-0: Called Strike
0-1: Ball
1-1: Fly out, F8 (Flyball, 8RS)
Bottom of the 8th over - 0 run(s), 0 hit(s), 0 error(s), 1 left on base; Irvine 6 - Boston 7
TOP OF THE 9TH
Irvine Gang Green batting - Pitching for Boston Rebels : RHP Armand Calazzo
Pitching: RHP António López
Now at 3B: Ju-wei Shiu
Batting: RHB José Salazar 0-0: Ball
1-0: Ground out 6-3 (Groundball, 6M)
Batting: LHB Tony Tavárez 0-0: Ground out 4-3 (Groundball, 4)
Batting: LHB José Villegas 0-0: Foul Ball, location: 2F
0-1: Fly out, F8 (Flyball, 8LM)
Top of the 9th over - 0 run(s), 0 hit(s), 0 error(s), 0 left on base; Irvine 6 - Boston 7
This league is powered by Out of the Park Baseball, the baseball management simulation game for PC, Mac and Linux
Saturday, April 9th, 2016 - OOTP Baseball 16.8 Build 38